 Dungeon Crawl Stone Soup version 0.32-a0-791-gfc315c9ecd (webtiles) character file.

Game seed: 17977372789363470064

809 kirsanium the Chopper (level 7, -5/55 HPs)
             Began as a Coglin Gladiator on Mar 20, 2024.
             Slain by an ogre
             ... wielding a +0 giant club
              (31 damage)
             ... on level 5 of the Dungeon.
             The game lasted 00:07:42 (4534 turns).

kirsanium the Chopper (Coglin Gladiator)            Turns: 4534, Time: 00:07:43

Health: -5/55      AC:  5    Str: 16    XL:     7   Next: 92%
Magic:  7/7        EV: 12    Int:  8    God:
Gold:   212        SH:  0    Dex: 15    Spells: 6/6 levels left

rFire   . . .        a - +0 war axe {Shi}
rCold   . . .        r - +0 broad axe {Yawen}
rNeg    . . .        b - +0 leather armour
rPois   .            c - +0 helmet
rElec   .            (no cloak)
rCorr   .            k - +0 pair of gloves
SInv    .            (no boots)
Will    .....        (amulet unavailable)
Stlth   +            (ring unavailable)
HPRegen 0.29/turn    (ring unavailable)
MPRegen 0.10/turn    (no gizmo)

%: no passive effects
@: revved
A: off-hand wielding, slow wielding, warmup strikes, no jewellery
a: Invent Gizmo


You were on level 5 of the Dungeon.
You visited 1 branch of the dungeon, and saw 5 of its levels.
You also visited: Ossuary.

You collected 212 gold pieces.

Inventory:

Hand Weapons
 a - a +0 war axe (weapon) {Shi}
 f - a +0 dagger {Goro}
 r - a +0 broad axe (offhand) {Yawen}
 F - a +2 whip of venom
Missiles
 d - a throwing net (quivered)
 e - a javelin
 t - 6 silver javelins
Armour
 b - a +0 leather armour (worn)
 c - a +0 helmet (worn)
 k - a +0 pair of gloves (worn)
Wands
 u - a wand of polymorph (8)
Scrolls
 i - a scroll of torment {unknown}
 j - 4 scrolls of identify {unknown}
 l - 4 scrolls of teleportation {unknown}
 m - 4 scrolls of vulnerability {unknown}
 n - 2 scrolls of noise {unknown}
 o - a scroll of immolation {unknown}
 q - a scroll of revelation {unknown}
 v - a scroll of fog {unknown}
 w - a scroll of amnesia {unknown}
 x - a scroll of enchant weapon {unknown}
 y - a scroll of blinking {unknown}
 D - a scroll of enchant armour {unknown}
Potions
 g - 4 potions of curing {unknown}
 h - 3 potions of lignification {unknown}
 p - 2 potions of might {unknown}
 s - 2 potions of attraction {unknown}
 z - a potion of degeneration {unknown}
 A - 2 potions of enlightenment {unknown}
 B - a potion of heal wounds {unknown}
 C - 2 potions of invisibility {unknown}
 E - a potion of magic {unknown}


   Skills:
 + Level 4.3 Fighting
 * Level 6.4 Axes
 - Level 1.7 Throwing
 + Level 2.5 Armour
 + Level 4.4 Dodging


You had 6 spell levels left.
You didn't know any spells.
Your spell library contained the following spells:

 Spells                   Type           Power      Damage    Failure   Level
 Stone Arrow              Conj/Erth      0%         3d7       83%         3
 Animate Armour           Summ/Erth      0%         N/A       99%         4
 Animate Dead             Necr           0%         N/A       99%         4
 Borgnjor's Vile Clutch   Necr/Erth      0%         N/A       100%        5
 Death Channel            Necr           0%         N/A       100%        6
 Lehudib's Crystal Spear  Conj/Erth      0%         10d2      100%        8


Dungeon Overview and Level Annotations

Branches:
Dungeon (5/15)            Ossuary (visited)
 Temple: D:4-7

Altars:
Xom
Beogh

Shops:
D:2 =

Annotations:
D:4 3 runed translucent doors, SkaryMonk's ghost, weakling CoGl


Innate Abilities, Weirdness & Mutations

You can wield a second weapon in your off-hand.
It takes a long time for you to wield or remove held weapons.
Your first few attacks do less damage.
You cannot equip rings or amulets.


Message History

You kill the quokka!
No target in view!
No target in view!
No target in view!
Found a leather armour.
A hound comes into view.
The hound barks!
A hound is nearby!
The hound barely misses you.
You slash the hound with your +0 war axe!
The hound is almost dead.
You hit the hound with your +0 broad axe.
The hound bites you.
You slash the hound with your +0 broad axe!
You kill the hound!
No target in view!
An ogre comes into view. It is wielding a +0 giant club.
Found four items.
The ogre shouts!
An ogre is nearby!
A scorpion comes into view.
You slash the ogre with your +0 war axe!
The ogre is heavily wounded.
You barely miss the ogre with your +0 broad axe.
The ogre hits you with a +0 giant club!
You hit the ogre with your +0 war axe.
The ogre is heavily wounded.
You hit the ogre but do no damage. The ogre hits you with a +0 giant club!
You are too injured to fight recklessly!
You barely miss the ogre with your +0 broad axe.
The ogre is heavily wounded.
You hit the ogre with your +0 war axe. The scorpion closely misses you.
You hit the ogre with your +0 broad axe.
The ogre is severely wounded.
You slash the scorpion with your +0 broad axe!
You slash the ogre with your +0 war axe!
You hit the scorpion but do no damage.
The ogre hits you with a +0 giant club!!
Ouch! That really hurt!
You die...

.....# ##.#.#.##.#.##......######
.#######.#.#.#.##^#.###..........
.# ##.#.###[#.##.#.##....######
.# ##.#.##.##.#.##.#.##...## .#
##.#.## #.##.#.##.#.##...#####
####.#.##.#.#.##.#.##.#.##.......
##.#.## #...#.##.#.##.#.###.###.
#.#.## #?$)O##.#.##.#.##.#
##.#.## #s@.#.## #.##..# ##.#.##
#.#.#.## ##..####. ##.#.##
##.#.## ##........ ##.#.## ##.##
##..#.##### # ##.#.## ## ##..##.#
### ##.#.## ##..###.# ..# ##.#.##
#..####.# #.### ##.#.##
#..#....)##### #...## ##.#.##
#..##....(')...


You could see an ogre and a scorpion.

Vanquished Creatures
  Menkaure (Ossuary)
  A kobold brigand (D:5)
  2 centaur zombies (Ossuary)
  A bombardier beetle (D:5)
  A hound (D:5)
  An orc priest (D:4)
  A jelly (D:5)
  A sleepcap (D:5)
  Jessica (D:2)
  2 iguanas
  An orc wizard (D:3)
  3 ogre zombies (Ossuary)
  6 mummies (Ossuary)
  An adder (D:5)
  A shadow imp (D:5)
  7 adder zombies (Ossuary)
  A dart slug (D:1)
  9 orcs
  11 ball pythons
  6 endoplasms
  7 giant cockroaches
  8 goblins
  8 hobgoblins
  7 jackals
  4 quokkas
  12 bats
  3 frilled lizards
  A goblin zombie (Ossuary)
  7 hobgoblin zombies (Ossuary)
  14 kobolds
  4 kobold zombies (Ossuary)
  2 quokka zombies (Ossuary)
  A rat (D:2)
  4 rat zombies (Ossuary)
140 creatures vanquished.

Vanquished Creatures (others)
  A hobgoblin (D:3)
1 creature vanquished.

Grand Total: 141 creatures vanquished

Notes
Turn   | Place    | Note
-------+----------+-------------------------------------------
     0 | D:1      | kirsanium the Coglin Gladiator began the quest for the Orb.
     0 | D:1      | Reached XP level 1. HP: 16/16 MP: 1/1
   269 | D:1      | Reached XP level 2. HP: 17/22 MP: 2/2
   863 | D:2      | Reached XP level 3. HP: 28/28 MP: 3/3
   878 | D:2      | Found a shimmering altar of Xom.
   962 | D:2      | Noticed Jessica
   969 | D:2      | Killed Jessica
   970 | D:2      | Reached skill level 4 in Axes
   970 | D:2      | Reached XP level 4. HP: 33/34 MP: 4/4
  1012 | D:2      | Found Oluf's Jewellery Boutique.
  1809 | D:3      | Reached XP level 5. HP: 34/41 MP: 5/5
  2783 | D:4      | Found a sand-covered staircase.
  2792 | Ossuary  | Entered an ossuary
  2852 | Ossuary  | Reached skill level 5 in Axes
  2852 | Ossuary  | Reached skill level 1 in Armour
  2852 | Ossuary  | Reached XP level 6. HP: 36/47 MP: 6/6
  3010 | Ossuary  | Noticed Menkaure
  3019 | Ossuary  | Killed Menkaure
  3020 | Ossuary  | Reached XP level 7. HP: 39/53 MP: 7/7
  3658 | D:4      | Identified the +1 chain mail of Cynicism {Rampage Int+2
                  | Slay+2}
  3681 | D:4      | Found a runed translucent gate.
  3682 | D:4      | Noticed SkaryMonk's ghost (weakling CoGl)
  3682 | D:4      | Found a runed translucent gate.
  3683 | D:4      | Found a runed translucent gate.
  3985 | D:4      | Found a roughly hewn altar of Beogh.
  4044 | D:5      | Entered Level 5 of the Dungeon
  4112 | D:5      | Reached skill level 6 in Axes
  4534 | D:5      | Slain by an ogre

Illustrated notes

Levels and vault maps discovered:
D:1:      minmay_arrival_doors, layout_loops_corners
D:2:      layout_basic, basic_altar, serial_shops, nicolae_shop_gaudy_bauble,
          grunt_decor_junction, minmay_pentomino_p2, uniq_jessica
D:3:      layout_loops_corners, lemuel_flame_loot_1
D:4:      layout_loops_ring, biasface_ghost_orc_armoury,
          mainiacjoe_ossuary_entry_dusty_tomb
D:5:      minmay_inner_zag, layout_basic

Skill      XL: |  1  2  3  4  5  6  7 |
---------------+----------------------+-----
Dodging        | 3 4 |  4.4
Axes           | 4 5 6 |  6.4
Fighting       | 3 4 |  4.3
Armour         | 1 2 |  2.5
Throwing       | |  1.7

Action                     |  1- 3 |  4- 6 |  7- 9 || total
---------------------------+-------+-------+-------++-------
  Melee: War axe           |    57 |   126 |    92 ||   275
         Dagger            |     9 |       |       ||     9
         Hand axe          |    43 |    50 |       ||    93
         Broad axe         |       |    64 |    88 ||   152
  Throw: Throwing net      |       |     2 |       ||     2
   Stab: Sleeping          |       |     2 |     1 ||     3
 Armour: Leather armour    |    36 |    77 |    51 ||   164
  Dodge: Dodged            |    36 |    81 |    44 ||   161

Table legend: (Time is in decaauts)
 A = Elapsed time spent in this place.
 B = Non-inter-level travel time spent in this place.
 C = Inter-level travel time spent in this place.
 D = Time resting spent in this place.
 E = Time spent auto-exploring this place.
 F = Levels seen in this place.
 G = Mean time per level.
                   A        B        C        D        E       F      G
               +--------+--------+--------+--------+--------+-----+--------+
         Total |   4612 |   4442 |    170 |    336 |   3178 |   6 |  768.7 |
       Dungeon |   3828 |   3658 |    170 |    163 |   2773 |   5 |  765.6 |
       Ossuary |    784 |    784 |      0 |    173 |    405 |   1 |  784.0 |
               +--------+--------+--------+--------+--------+-----+--------+

Top non-repeatable levels by time:
     D:3: 1010 daAuts
     D:4: 910 daAuts
     D:1: 852 daAuts
 Ossuary: 784 daAuts
     D:2: 548 daAuts
     D:5: 506 daAuts
